 Dungeon Crawl Stone Soup version 0.17-a0-1920-gafa4d75 (webtiles) character file.

172 kosy22 the Ducker (level 5, -1/48 HPs)
             Began as a Troll Conjurer on Sept 26, 2015.
             Slain by Menkaure (16 damage)
             ... on level 4 of the Dungeon on Sept 27, 2015.
             The game lasted 00:08:54 (2711 turns).

kosy22 the Ducker (Troll Conjurer)                  Turns: 2711, Time: 00:08:54

Health: -1/48      AC:  5    Str: 16    XL:     5   Next: 27%
Magic:  3/5        EV: 10    Int: 12    God:
Gold:   96         SH:  0    Dex: 10    Spells: 2 memorised, 3 levels left

rFire  . . .     SeeInvis .     l - +1 mace (crush)
rCold  . . .     Clarity  .     a - +0 robe
rNeg   . . .     SustAt   .     (no shield)
rPois  .         Gourm    +     (helmet restricted)
rElec  .         Spirit   .     (no cloak)
rCorr  .         Warding  .     (gloves unavailable)
rMut   +         Stasis   .     (boots unavailable)
MR     .....                    q - amulet of resist mutation
Stlth  +.........               (no ring)
                                (no ring)

@: not resistant to hostile enchantments, very unstealthy
A: unfitting armour, claws 3, fast metabolism 3, gourmand, regeneration 2,
shaggy fur 1, tough skin 2
a: no special abilities


You were on level 4 of the Dungeon.
You were not hungry.

You visited 1 branch of the dungeon, and saw 4 of its levels.

You collected 96 gold pieces.

Inventory:

Hand weapons
 l - a +1 mace of crushing (weapon)
 p - a +0 short sword of protection
Armour
 a - a +0 robe (worn)
Jewellery
 q - an amulet of resist mutation (around neck)
Scrolls
 e - a scroll of identify
Potions
 d - a potion of haste
 f - a potion of poison {unknown}
 h - a potion of mutation {unknown}
 j - a potion of agility {unknown}
 m - a potion of flight
 s - a potion of curing {unknown}
Books
 b - a book of Conjurations

   Spells                             Type                      Level
   a - Magic Dart                     Conjuration                  1
   b - Searing Ray                    Conjuration                  2
   c - Dazzling Spray                 Conjuration/Hexes            3
   d - Fulminant Prism                Conjuration/Hexes            4
   e - Iskenderun's Mystic Blast      Conjuration                  4
   f - Iskenderun's Battlesphere      Conjuration/Charms           5
 t - a book of the Tempests

   Spells                             Type                      Level
   a - Static Discharge               Conjuration/Air              3
   b - Lightning Bolt                 Conjuration/Air              5
   c - Fireball                       Conjuration/Fire             5
   d - Tornado                        Air                          9
   e - Shatter                        Earth                        9
Comestibles
 c - a bread ration
 g - 2 slices of pizza
 i - a meat ration
 k - a beef jerky


   Skills:
 + Level 1.2 Fighting
 + Level 0.5 Maces & Flails
 + Level 3.3 Dodging
 + Level 1.3 Stealth
 + Level 1.5 Unarmed Combat
 + Level 1.2 Spellcasting
 + Level 3.2 Conjurations


You had 3 spell levels left.
You knew the following spells:

 Your Spells              Type           Power        Failure   Level  Hunger
a - Magic Dart            Conj           #...         10%         1    ##.....
b - Searing Ray           Conj           #.....       12%         2    ###....


Dungeon Overview and Level Annotations

Branches:
Dungeon (4/15)
 Temple: D:4-7

Altars:

Shops:
D:4 (

Annotations:
D:4 Menkaure


Innate Abilities, Weirdness & Mutations

You are too large for most types of armour.
You have claws for hands.
Your metabolism is lightning-fast.
You like to eat raw meat.
You heal very quickly.
You are covered in fur (AC +1).
You have very tough skin (AC +2).


Message History

The adder skeleton misses you.
Menkaure shouts, "The sands of time shall wipe you from history!"
Menkaure barely misses you.
You closely miss the adder skeleton. The adder skeleton closely misses you.
Menkaure calls on the powers of darkness!
Your body is wracked with pain!
Casting: Searing Ray
Confirm with . or Enter, or press ? or * to list all spells.
Aiming: Searing Ray
Press: ? - help, Shift-Dir - straight line, f - Menkaure
Aim: Menkaure The searing ray hits Menkaure.
Menkaure is lightly damaged.
The adder skeleton barely misses you. Menkaure hits you!
* * * LOW HITPOINT WARNING * * *
You hit the adder skeleton. The adder skeleton barely misses you.
The adder skeleton barely misses you. Menkaure barely misses you.
You closely miss the adder skeleton. The adder skeleton closely misses you.
Menkaure hits you!
You die...

#.# # ####.# .... # .
..##.# ...# #.#.##.#
...# # #.#.##.# ...#
#.#......####...###.
###.#.#.##............
......................
#.##...##....@Z......
#.#.)...#####M....#..
#.##...## #.....#
#.###..# #.....#
####......# ......#
#......#.## ......#
#.###..#.####^ ......#
..####................
............#.


You could see Menkaure and an adder skeleton.

Vanquished Creatures
  The ghost of Loris the Shooter, an average HEHu (D:3)
  Jessica (D:2)
  An adder (D:2)
  An ooze (D:3)
  A giant gecko (D:2)
  2 giant cockroaches (D:1)
  4 hobgoblins
  7 jackals
  7 kobolds
  A quokka (D:3)
  4 ball pythons
  9 bats
  A giant newt (D:1)
  9 goblins
  8 rats
57 creatures vanquished.

Notes
Turn   | Place    | Note
--------------------------------------------------------------
     0 | D:1      | kosy22 the Troll Conjurer began the quest for the Orb.
     0 | D:1      | Reached XP level 1. HP: 16/16 MP: 1/1
    46 | D:1      | Reached skill level 3 in Conjurations
   193 | D:1      | Reached XP level 2. HP: 24/24 MP: 2/2
   939 | D:2      | Reached XP level 3. HP: 24/32 MP: 3/3
  1026 | D:2      | Learned a level 2 spell: Searing Ray
  1065 | D:2      | Upgraded the game from 0.17-a0-1914-gde4187c to 0.17-a0-1920-gafa4d75
  1182 | D:2      | Noticed Jessica
  1200 | D:2      | Killed Jessica
  1200 | D:2      | Reached skill level 1 in Fighting
  1200 | D:2      | Reached skill level 1 in Unarmed Combat
  1200 | D:2      | Reached XP level 4. HP: 32/41 MP: 0/4
  2172 | D:3      | Noticed Loris's ghost (average HEHu)
  2182 | D:3      | Killed Loris's ghost
  2182 | D:3      | Reached XP level 5. HP: 45/48 MP: 0/5
  2666 | D:4      | Found Nelais's Weapon Emporium.
  2705 | D:4      | Noticed Menkaure
  2711 | D:4      | Slain by Menkaure

Vault maps used:
D:1:      tarquinn_simple_flora_water_d, minmay_misc_feat_chi,
          serial_bayou_crossing
D:2:      feat_on_display, uniq_jessica
D:4:      serial_shops, shop, nicolae_ossuary_entry_giza, nrook_uturn,
          uniq_menkaure, uniq_eustachio

Action                   |  1- 3 |  4- 6 || total
-------------------------+-------+-------++-------
Melee: Unarmed           |    90 |       ||    90
       Mace              |    10 |    77 ||    87
 Cast: Magic Dart        |     8 |       ||     8
       Searing Ray       |     1 |     2 ||     3
  Use: Scroll            |     4 |     5 ||     9
       Potion            |       |     1 ||     1
  Eat: Bread ration      |     2 |     2 ||     4
       Chunk             |       |     2 ||     2
       Meat ration       |       |     1 ||     1
